 Dungeon Crawl Stone Soup version 0.23-a0-767-gdc19b93d68 (webtiles) character file.

110 Esekla the Magician (level 4, 0/27 HPs)
             Began as an Octopode Wanderer on Jan 22, 2019.
             Was an Initiate of Ashenzari.
             Splashed by a jelly's acid (8 damage)
             ... on level 4 of the Dungeon.
             The game lasted 00:15:20 (1750 turns).

Esekla the Magician (Octopode Wanderer)             Turns: 1750, Time: 00:15:20

Health: 0/27       AC:  1    Str:  9    XL:     4   Next: 91%
Magic:  11/11      EV: 12    Int: 18    God:    Ashenzari [......]
Gold:   55         SH:  0    Dex: 10    Spells: 7/13 levels left

rFire    + . .     SeeInvis +   c - +0 dagger
rCold    . . .     Gourm    .   (no shield)
rNeg     + . .     Faith    .   (helmet restricted)
rPois    .         Spirit   .   (no amulet)
rElec    .         Reflect  .   h - ring of protection from fire
rCorr    .         Harm     .   f - ring of positive energy
MR       .....                  l - ring of see invisible
Stlth    +++.......             (no ring)
HPRegen  0.09/turn              (no ring)
MPRegen  0.12/turn              (no ring)
                                (no ring)
                                (no ring)

@: no status effects
A: almost no armour, stealthy swim, amphibious, 8 rings, constrict 8, camouflage
1, gelatinous body 1
a: Curse Item, Renounce Religion


You were on level 4 of the Dungeon.
You worshipped Ashenzari.
Ashenzari was noncommittal.
You were not hungry.

You visited 1 branch of the dungeon, and saw 5 of its levels.

You collected 55 gold pieces.

Inventory:

Hand Weapons
 c - a +0 dagger (weapon)
 i - a +0 whip of venom
Jewellery
 f - a ring of positive energy (right tentacle)
 h - a ring of protection from fire (left tentacle)
 l - a ring of see invisible (on tentacle)
Scrolls
 a - a scroll of enchant weapon {unknown}
 b - 2 scrolls of teleportation
 k - a scroll of remove curse
 m - a scroll of identify
Potions
 e - a potion of agility
 g - 2 potions of lignification
 j - a potion of heal wounds {unknown}
Comestibles
 d - 3 rations


   Skills:
 + Level 0.8 Fighting
 + Level 1.0 Short Blades
 + Level 0.9 Dodging
 + Level 2.4 Stealth
 - Level 5.0 Spellcasting
 * Level 2.6 Conjurations
 + Level 1.0 Translocations
   Level 2.0 Transmutations
 * Level 0.9 Air Magic
 * Level 1.1 Poison Magic
   Level 2.1 Evocations


You had 7 spell levels left.
You knew the following spells:

 Your Spells              Type           Power        Failure   Level  Hunger
a - Magic Dart            Conj           ##..         4%          1    None
b - Blink                 Tloc           N/A          13%         2    #......
c - Mephitic Cloud        Conj/Pois/Air  ##......     22%         3    ##.....

Your spell library contained the following spells:

 Spells                   Type           Power        Failure   Level  Hunger
 Call Imp                 Summ           #.......     21%         2    #......
 Slow                     Hex            #.......     21%         2    #......
 Conjure Flame            Conj/Fire      #.......     22%         3    ##.....


Dungeon Overview and Level Annotations

Branches:
Dungeon (5/15)             Temple (0/1) D:4

Altars:
Ashenzari
Nemelex Xobeh

Annotations:
D:5 Eustachio


Innate Abilities, Weirdness & Mutations

You cannot wear most types of armour.
You are very stealthy in the water. (Stealth+)
You are amphibious.
You can wear up to eight rings at the same time.
You can use your tentacles to constrict eight enemies at once.
Your skin changes colour to match your surroundings (Stealth+).
Your rubbery body absorbs attacks. (AC +1, EV +1)


Message History

A frilled lizard and an orc come into view.
The frilled lizard hisses angrily.
The orc shouts!
The frilled lizard barely misses you.
The orc throws a tomahawk.
The tomahawk misses you.
You hear an angry hiss.
Found a staircase to the Ecumenical Temple.
You see here a tomahawk.
You hit the frilled lizard.
You kill the frilled lizard!
A jelly comes into view.
The jelly quivers.
A crimson imp comes into view.
The adder hisses angrily.
The orc throws a tomahawk.
The tomahawk closely misses you.
The crimson imp shouts!
The crimson imp misses you. The jelly hits you.
* * * LOW HITPOINT WARNING * * *
You are splashed with acid!
The acid burns!
You die...

#.# # #### .....# #
#... ..##.. # #...#
#..... # ....###.... .
#...#...# #. #.....#
.. ..#####.>.#####..#
#....#.5@..#..J..#
#..#...#J..#..# #
#....###(...<#.#
###...#.#.#..#.#.####
.........#...........#
.##.###..#...#..## #.#
# ##.S......####.#
...#####.##.#.##....##
#
#......(...#.##.#...#
.#


You could see a jelly and a crimson imp.

Vanquished Creatures
  A howler monkey (D:4)
  A worker ant (D:4)
  2 adders (D:4)
  An ooze (D:3)
  A worm (D:3)
  2 dart slugs
  3 leopard geckos
  2 giant cockroaches
  A goblin (D:3)
  A hobgoblin (D:1)
  2 kobolds
  3 frilled lizards
20 creatures vanquished.

Notes
Turn   | Place    | Note
-------+----------+-------------------------------------------
     0 | D:1      | Esekla the Octopode Wanderer began the quest for the Orb.
     0 | D:1      | Esekla set off with the following items: a scroll of
                  | teleportation, a +0 dagger, a ration; and the following
                  | spell memorised: Magic Dart; and the following spells
                  | available to memorise: Blink, Call Imp, Slow, Conjure
                  | Flame, Mephitic Cloud
     0 | D:1      | Reached XP level 1. HP: 11/11 MP: 6/6
    51 | D:1      | Reached skill level 1 in Conjurations
   511 | D:2      | Reached XP level 2. HP: 11/17 MP: 2/8
   515 | D:2      | Reached skill level 1 in Stealth
   748 | D:3      | Learned a level 2 spell: Blink
  1043 | D:4      | Reached XP level 3. HP: 16/22 MP: 9/9
  1265 | D:5      | Entered Level 5 of the Dungeon
  1268 | D:5      | Noticed Eustachio
  1278 | D:4      | Learned a level 3 spell: Mephitic Cloud
  1331 | D:4      | Found a shattered altar of Ashenzari.
  1333 | D:4      | Noticed an ogre
  1335 | D:4      | Became a worshipper of Ashenzari the Shackled
  1363 | D:4      | Reached XP level 4. HP: 22/27 MP: 6/11
  1498 | D:5      | Found a sparkling altar of Nemelex Xobeh.
  1510 | D:5      | Noticed a phantom
  1531 | D:5      | Noticed a centaur
  1564 | D:4      | Reached skill level 1 in Poison Magic
  1681 | D:4      | Noticed a bullfrog
  1681 | D:4      | Noticed a hungry ghost
  1700 | D:4      | Reached skill level 1 in Short Blades
  1739 | D:4      | Found a staircase to the Ecumenical Temple.
  1750 | D:4      | Splashed by a jelly's acid

Vault maps used:
D:1:      lemuel_arrival_muddy
D:2:      kennysheep_generic_room_7, uniq_terence, uniq_robin
D:3:      lemuel_doored_altar, first_ration, uniq_ijyb
D:4:      nicolae_ashenzari_panopticon, minmay_temple_entry_arrows,
          minmay_manual_moon
D:5:      lemuel_crystal_altar, uniq_duvessa, uniq_eustachio

Skill      XL: |  1  2  3  4 |
---------------+-------------+-----
Conjurations   | 1 2 |  2.6
Stealth        | 1 2 |  2.4
Poison Magic   | 1 |  1.1
Short Blades   | 1 |  1.0
Fighting       | |  0.8
Dodging        | |  0.9
Spellcasting   | |  5.0
Translocations | |  1.0
Transmutations | |  2.0
Air Magic      | |  0.9
Evocations     | |  2.1

Action                   |  1- 3 |  4- 6 || total
-------------------------+-------+-------++-------
Melee: Dagger            |    56 |    17 ||    73
       Constrict         |    10 |     3 ||    13
       Tentacles         |     7 |     3 ||    10
 Cast: Magic Dart        |    16 |     1 ||    17
  Use: Potion            |     1 |       ||     1
       Scroll            |     2 |     1 ||     3
 Stab: Sleeping          |     4 |     2 ||     6
  Eat: Ration            |     1 |       ||     1
Dodge: Dodged            |    27 |    17 ||    44

Table legend:
 A = Non-vault XP
 B = Vault XP
 C = Vault XP percentage of total XP
 D = Non-vault monster count
 E = Vault monster count
 F = Vault count percentage of total count
                 A         B        C        D         E       F
            +---------+---------+-------+---------+---------+-------
      Total |     156 |       2 |   1.3 |      19 |       1 |   5.0
            +---------+---------+-------+---------+---------+-------
        D:1 |       9 |       0 |   0.0 |       4 |       0 |   0.0
        D:2 |       6 |       0 |   0.0 |       2 |       0 |   0.0
        D:3 |      18 |       0 |   0.0 |       5 |       0 |   0.0
        D:4 |     123 |       2 |   1.6 |       8 |       1 |  11.1
            +---------+---------+-------+---------+---------+-------
